 Dungeon Crawl Stone Soup version 0.23-a0-310-gdcc7a32 (webtiles) character file.

112 galech the Skirmisher (level 4, -12/35 HPs)
             Began as a Demonspawn Fighter on Oct 12, 2018.
             Killed by nerve-wracking pain
             ... invoked by an orc priest
              (13 damage)
             ... on level 4 of the Dungeon.
             The game lasted 00:02:17 (1470 turns).

galech the Skirmisher (Demonspawn Fighter)          Turns: 1470, Time: 00:02:18

Health: -12/35     AC:  6    Str: 16    XL:     4   Next: 64%
Magic:  4/4        EV:  8    Int: 10    God:
Gold:   40         SH:  9    Dex: 13    Spells: 3/3 levels left

rFire    . . .     SeeInvis .   o - +1 hand axe (elec)
rCold    . . .     Gourm    .   c - +0 shield
rNeg     . . .     Faith    .   r - +3 leather armour
rPois    .         Spirit   .   (helmet restricted)
rElec    .         Reflect  .   (no cloak)
rCorr    .         Harm     .   (no gloves)
MR       .....                  (no boots)
Stlth    +.........             (no amulet)
HPRegen  0.11/turn              (no ring)
MPRegen  0.09/turn              (no ring)

@: no status effects
A: antennae 1, spiny 1
a: no special abilities


You were on level 4 of the Dungeon.
You were not hungry.

You visited 1 branch of the dungeon, and saw 4 of its levels.

You collected 40 gold pieces.

Inventory:

Hand Weapons
 a - a +0 war axe
 o - a +1 hand axe of electrocution (weapon)
Armour
 c - a +0 shield (worn)
 r - a +3 leather armour (worn)
Jewellery
 q - an uncursed ring of ice
Wands
 j - a wand of enslavement (14)
Scrolls
 e - a scroll of remove curse {unknown}
 i - a scroll of teleportation {unknown}
 k - 3 scrolls of identify {unknown}
 l - a scroll of fear {unknown}
 m - a scroll of enchant weapon {unknown}
Potions
 b - 2 potions of curing {unknown}
 d - a potion of might
 h - a potion of mutation {unknown}
 n - a potion of heal wounds {unknown}
 p - 2 potions of brilliance {unknown}
Comestibles
 f - 4 rations
 g - a chunk of flesh


   Skills:
 + Level 3.5 Fighting
 + Level 3.2 Axes
 + Level 3.2 Armour
 + Level 0.4 Dodging
 + Level 3.1 Shields


You had 3 spell levels left.
You didn't know any spells.
Your spell library was empty.

Dungeon Overview and Level Annotations

Branches:
Dungeon (4/15)
 Temple: D:4-7

Altars:
Kikubaaqudgha

Annotations:
D:3 Sigmund


Innate Abilities, Weirdness & Mutations

You have a pair of small antennae on your head.
You are partially covered in sharp spines.


Message History

* * * LOW HITPOINT WARNING * * *
The adder is struck by your spines. The adder bites you.
* * * LOW HITPOINT WARNING * * *
There is a stone staircase leading down here.
The adder is struck by your spines. The adder bites you.
* * * LOW HITPOINT WARNING * * *
You climb downwards.
Reactivating autopickup. 2 orcs and 2 orc priests come into view.
The orc priest shouts!
The orc shouts!
The orc priest shouts!
You hear a shout!
You hear an angry hiss. x2
Found an amethyst potion.
There is a stone staircase leading up here.
You miss the adder.
The adder is heavily wounded.
The adder barely misses you.
A ball python comes into view.
The orc priest invokes the aid of Beogh against you.
Pain shoots through your body!
You die...

......
...#.##
.....
.!.....
...o
...#..#
#.o. .....
#.o. ....
#.o. ..#
#.#...#..#
#.....@S.#
##.#.##..#
.. .....
#..
.###..#
... .S ..
#. .. . #
... ...


You could see 2 orc priests, an adder, 2 orcs and a ball python.

Vanquished Creatures
  4 adders (D:2)
  An ooze (D:1)
  A worm (D:2)
  2 dart slugs (D:2)
  4 leopard geckos
  4 orcs (D:3)
  6 bats
  8 giant cockroaches
  3 goblins
  7 hobgoblins
  2 quokkas
  A ball python (D:2)
  3 frilled lizards
  4 kobolds
  5 rats
55 creatures vanquished.

Notes
Turn   | Place    | Note
-------+----------+-------------------------------------------
     0 | D:1      | galech the Demonspawn Fighter began the quest for the Orb.
     0 | D:1      | Reached XP level 1. HP: 18/18 MP: 1/1
   160 | D:1      | Gained mutation: You are partially covered in sharp spines.
                  | [demonic ancestry]
   160 | D:1      | Reached XP level 2. HP: 18/24 MP: 2/2
   490 | D:2      | Reached XP level 3. HP: 29/29 MP: 3/3
   842 | D:2      | Gained mutation: You have a pair of small antennae on your
                  | head. [demonic ancestry]
   842 | D:2      | Reached XP level 4. HP: 31/35 MP: 4/4
  1315 | D:3      | Found an ancient bone altar of Kikubaaqudgha.
  1434 | D:3      | Noticed Sigmund
  1468 | D:3      | HP: 1/35 [adder (3)]
  1470 | D:4      | Killed from afar by an orc priest

Vault maps used:
D:1:      scummos_arrival_forest, nrook_loot_triangle, minmay_misc_feat_square
D:2:      st_stairs_14
D:3:      kiku_gazebo_garden_becter, okawaru_metal_pillars_1_2,
          nicolae_overflow_hidden_temple, uniq_robin, uniq_sigmund
D:4:      kennysheep_little_box

Skill      XL: |  1  2  3 |
---------------+----------+-----
Axes           | 2 3 |  3.2
Armour         | 3 |  3.2
Shields        | 3 |  3.1
Fighting       | |  3.5
Dodging        | |  0.4

Action                   |  1- 3 |  4- 6 || total
-------------------------+-------+-------++-------
Melee: War axe           |    90 |       ||    90
       Hand axe          |    13 |    48 ||    61
  Eat: Chunk             |       |     2 ||     2
Armor: Scale mail        |    36 |     5 ||    41
       Leather armour    |       |     8 ||     8
Dodge: Dodged            |    27 |    16 ||    43
Block: Shield            |    58 |    18 ||    76

Table legend:
 A = Non-vault XP
 B = Vault XP
 C = Vault XP percentage of total XP
 D = Non-vault monster count
 E = Vault monster count
 F = Vault count percentage of total count
                 A         B        C        D         E       F
            +---------+---------+-------+---------+---------+-------
      Total |     157 |       4 |   2.5 |      54 |       1 |   1.8
            +---------+---------+-------+---------+---------+-------
        D:1 |      36 |       0 |   0.0 |      17 |       0 |   0.0
        D:2 |     105 |       4 |   3.7 |      31 |       1 |   3.1
        D:3 |      16 |       0 |   0.0 |       6 |       0 |   0.0
            +---------+---------+-------+---------+---------+-------
